 Dungeon Crawl Stone Soup version 0.18.1-6-gd335043 (webtiles) character file.

10423 Kenran the Carver (level 11, -8/104 HPs)
             Began as a Hill Orc Fighter on May 16, 2016.
             Was a High Priest of Okawaru.
             Killed from afar by an ice statue (12 damage)
             ... with a bolt of cold
             ... in an ice cave.
             The game lasted 00:38:26 (16140 turns).

Kenran the Carver (Hill Orc Fighter)               Turns: 16140, Time: 00:38:27

Health: -8/104     AC: 17    Str: 20    XL:     11   Next: 61%
Magic:  3/4        EV:  6    Int: 11    God:    Okawaru [*****.]
Gold:   786        SH:  0    Dex: 15    Spells: 0 memorised, 10 levels left

rFire  . . .     SeeInvis .     L - +4 falchion of Legor {antimagic, Int+3 Dex+2}
rCold  + . .     Gourm    .     F - +2 plate armour {rC+}
rNeg   . . .     Faith    .     (no shield)
rPois  .         Spirit   .     (no helmet)
rElec  .         Dismiss  .     k - +0 cloak
rCorr  .         Reflect  .     D - +0 pair of gloves
SustAt +         Harm     .     t - +0 pair of boots
MR     .....                    (no amulet)
Stlth  ..........               (no ring)
                                y - ring of sustain attributes

@: vulnerable, not resistant to hostile enchantments, extremely unstealthy
A: no striking features
a: Heroism, Finesse, Renounce Religion


You were in an ice cave.
You worshipped Okawaru.
Okawaru was extremely pleased with you.
You were not hungry.

You visited 4 branches of the dungeon, and saw 15 of its levels.
You also visited: Ice Cave.

You collected 786 gold pieces.

Inventory:

Hand Weapons
 l - a +0 scimitar of flaming
 L - the +4 falchion of Legor (weapon) {antimagic, Int+3 Dex+2}
   (You found it on level 1 of the Lair of Beasts)

   It disrupts the flow of magical energy around spellcasters and certain
   magical creatures (including the wielder).
   It affects your intelligence (+3).
   It affects your dexterity (+2).
Armour
 k - a +0 cloak (worn)
 t - a +0 pair of boots (worn)
 D - a +0 pair of gloves (worn)
 F - a +2 plate armour of cold resistance (worn)
Jewellery
 y - a ring of sustain attributes (left hand)
 B - a +3 ring of intelligence {unknown}
 C - an uncursed amulet of guardian spirit {unknown}
Wands
 b - a wand of random effects (29/48)
 p - a wand of enslavement (10/24)
 u - a wand of acid (7/15)
 J - a wand of disintegration (11/24)
 N - a wand of paralysis (10/24)
 P - a wand of paralysis (9/24)
Scrolls
 e - 7 scrolls of identify
 h - 4 scrolls of recharging
 j - 5 scrolls of remove curse
 m - 2 scrolls of immolation
 v - 2 scrolls of enchant weapon
 I - a scroll of enchant armour {unknown}
 M - a scroll of fear {unknown}
Potions
 c - 2 potions of magic {unknown}
 d - 4 potions of might
 n - 2 potions of cure mutation {unknown}
 q - 3 potions of haste {unknown}
 r - 2 potions of brilliance {unknown}
 s - 3 potions of lignification {unknown}
 w - a potion of agility {unknown}
 z - a potion of cancellation {unknown}
 E - a potion of ambrosia {unknown}
 H - a potion of flight {unknown}
Miscellaneous
 K - a lamp of fire
Comestibles
 a - 4 fruits
 f - 14 bread rations
 o - 9 meat rations


   Skills:
 - Level 12.0 Fighting
 + Level 14.9 Long Blades
 - Level 5.0 Armour
   Level 3.2 Shields
 - Level 4.7 Invocations


You had 10 spell levels left.
You didn't know any spells.

Dungeon Overview and Level Annotations

Branches:
Dungeon (11/15)            Temple (1/1) D:4            Lair (2/8) D:9
    Orc (1/2) D:10

Altars:
Ashenzari
Cheibriados
Dithmenos
Elyvilon
Fedhas
Gozag
Kikubaaqudgha
Makhleb
Nemelex Xobeh
Okawaru
Pakellas
Qazlal
Ru
Sif Muna
Trog
Vehumet
Xom
Yredelemnul
Zin
The Shining One

Shops:
D:4 [   D:9 (=

Annotations:
D:4 Eustachio
D:5 Pikel
D:10 Psyche IceCv exclusion: 3 ice statues


Message History

Your surroundings seem slightly different.
The ice statue gestures at you. The freezing blast engulfs you! You resist.
* * * LOW HITPOINT WARNING * * *
You are engulfed in freezing vapours.
You resist.
* * * LOW HITPOINT WARNING * * *
The ice statue gestures at you. The shard of ice misses you.
You are engulfed in freezing vapours.
You resist.
* * * LOW HITPOINT WARNING * * *
The ice statue falters for a moment.
The ice statue gestures at you. The shard of ice hits you!
You partially resist.
* * * LOW HITPOINT WARNING * * *
Drink which item? (? for menu, Esc to quit)
Okay, then.
The ice beast hits you but does no damage. x2
The ice statue gestures.
The ice statue gestures at you. The bolt of cold hits you! You resist.
You die...

##### ############# ....##
##...(.#8....## #..
.....###.....(#).....## ...
......#.......#..Y....#....
......#.......#§......#...
∩..∩..............Y...8..
......#.......#.YY....#
......#.......#.@Y..§§#
.....###......#..Y..§##
....## ##.....#8...§##
##### #############


You could see 3 ice statues and 6 ice beasts.

Vanquished Creatures
  Erica (Lair:1)
  Nergalle (Lair:1)
  2 ugly things
  A spiny frog (Lair:1)
  A komodo dragon (Lair:1)
  A merfolk (D:10)
  Sigmund (D:4)
  3 hungry ghosts
  4 hippogriffs
  A mottled dragon (D:8)
  2 water moccasins
  2 porcupines (Lair:1)
  2 sky beasts
  An orc warrior (D:7)
  8 ice beasts
  3 slaves
  A black bear (D:10)
  4 phantoms
  3 necrophages
  2 ogres (D:7)
  3 centaurs
  7 crocodiles
  A big kobold (D:10)
  13 giant frogs
  A wyvern skeleton (D:6)
  2 scorpions
  2 killer bees (D:10)
  5 wights (D:6)
  2 howler monkeys
  2 giant frog zombies
  A centaur zombie (D:7)
  A quasit (D:7)
  3 crimson imps
  7 hounds
  2 centaur skeletons
  3 jellies
  5 orc priests
  12 orc wizards
  A giant frog skeleton (D:5)
  7 iguanas
  7 worker ants
  A killer bee zombie (D:8)
  9 adders
  A river rat (D:9)
  12 white imps
  An adder zombie (D:7)
  2 oozes
  An adder skeleton (D:7)
  2 worms
  A dart slug (D:2)
  6 giant geckos
  41 orcs
  4 ball pythons
  5 giant cockroaches
  3 goblins
  5 hobgoblins
  11 jackals
  15 kobolds
  6 quokkas
  8 bats
  A giant gecko zombie (D:7)
  6 giant newts
  A jackal skeleton (D:6)
  A jackal zombie (D:6)
  7 rats
  A fungus (D:9)
  2 plants (D:9)
284 creatures vanquished.

Vanquished Creatures (others)
  A hungry ghost (D:7)
  A centaur (D:7)
  A fungus (D:9)
3 creatures vanquished.

Grand Total: 287 creatures vanquished

Notes
Turn   | Place    | Note
--------------------------------------------------------------
     0 | D:1      | Kenran the Hill Orc Fighter began the quest for the Orb.
     0 | D:1      | Reached XP level 1. HP: 19/19 MP: 1/1
    97 | D:1      | Reached XP level 2. HP: 22/26 MP: 2/2
   192 | D:1      | Reached skill level 3 in Long Blades
   962 | D:1      | Reached XP level 3. HP: 25/31 MP: 3/3
  1089 | D:2      | Reached skill level 4 in Long Blades
  1351 | D:2      | Reached XP level 4. HP: 38/39 MP: 4/4
  1818 | D:3      | Reached skill level 5 in Long Blades
  1910 | D:3      | Found a stormy altar of Qazlal.
  2500 | D:4      | Found a burning altar of Makhleb.
  2511 | D:4      | Reached XP level 5. HP: 43/45 MP: 5/5
  2540 | D:4      | Found a shimmering altar of Xom.
  2595 | D:4      | Found Vaim's Armour Shoppe.
  2639 | D:4      | Reached skill level 6 in Long Blades
  2800 | D:4      | Found a staircase to the Ecumenical Temple.
  2809 | Temple   | Entered the Ecumenical Temple
  2974 | D:4      | Reached XP level 6. HP: 25/51 MP: 6/6
  2984 | D:4      | Reached skill level 7 in Long Blades
  3154 | D:4      | Noticed a phantom
  3186 | D:4      | Killed a phantom
  3254 | D:4      | Found an ancient bone altar of Kikubaaqudgha.
  3349 | D:4      | Found a glowing golden altar of the Shining One.
  3529 | D:4      | Found an oddly glowing altar of Pakellas.
  3597 | D:5      | Entered Level 5 of the Dungeon
  3597 | D:5      | Noticed Sigmund
  3673 | D:4      | Killed Sigmund
  3673 | D:4      | Reached skill level 8 in Long Blades
  3673 | D:4      | Reached XP level 7. HP: 28/57 MP: 7/7
  3989 | D:5      | Noticed Eustachio
  4170 | D:5      | Reached skill level 5 in Fighting
  4311 | D:5      | Noticed Pikel
  5280 | D:6      | Reached XP level 8. HP: 32/71 MP: 8/8
  6298 | D:6      | Found an iron altar of Okawaru.
  6298 | D:6      | Found a deep blue altar of Sif Muna.
  6299 | D:6      | Found a white marble altar of Elyvilon.
  6299 | D:6      | Found an oddly glowing altar of Pakellas.
  6426 | D:6      | Became a worshipper of Warmaster Okawaru
  6473 | D:6      | Reached skill level 9 in Long Blades
  6882 | D:6      | Reached skill level 10 in Long Blades
  6882 | D:6      | Reached XP level 9. HP: 77/81 MP: 9/9
  6887 | D:6      | Reached * piety under Okawaru
  7039 | D:6      | Found a bloodstained altar of Trog.
  7417 | D:7      | Reached skill level 11 in Long Blades
  7858 | D:7      | Found a sparkling altar of Nemelex Xobeh.
  8087 | D:7      | Found a basalt altar of Yredelemnul.
  8263 | D:7      | Reached ** piety under Okawaru
  8299 | D:7      | Reached skill level 12 in Long Blades
  9093 | D:8      | Reached skill level 13 in Long Blades
  9093 | D:8      | Reached XP level 10. HP: 79/86 MP: 10/10
  9645 | D:8      | Reached skill level 5 in Armour
 10017 | D:9      | Reached *** piety under Okawaru
 10032 | D:9      | Found Pousiate's Weapon Shoppe.
 10044 | D:9      | Found Myoffeck's Jewellery Shop.
 10083 | D:9      | Found a staircase to the Lair.
 10936 | D:9      | Found a glowing silver altar of Zin.
 10937 | D:9      | Found an opulent altar of Gozag.
 11427 | D:10     | Entered Level 10 of the Dungeon
 11576 | D:10     | Noticed a red ugly thing
 11762 | D:10     | Found a staircase to the Orcish Mines.
 11888 | D:10     | Reached skill level 14 in Long Blades
 11965 | D:10     | Noticed a gargoyle
 11966 | D:10     | Noticed Psyche
 12111 | Lair:1   | Entered Level 1 of the Lair of Beasts
 12111 | Lair:1   | Noticed a spiny frog
 12359 | D:10     | Reached skill level 1 in Invocations
 12563 | D:11     | Noticed a brown ugly thing
 12597 | D:11     | Killed a brown ugly thing
 12597 | D:11     | Reached **** piety under Okawaru
 12985 | D:11     | Reached skill level 10 in Fighting
 12986 | D:11     | Reached XP level 11. HP: 94/97 MP: 14/14
 13036 | Orc:1    | Entered Level 1 of the Orcish Mines
 13039 | Orc:1    | Noticed a cyclops
 13194 | D:10     | Killed a red ugly thing
 13761 | Lair:1   | Noticed Erica
 13798 | Lair:1   | Killed Erica
 13798 | Lair:1   | Reached ***** piety under Okawaru
 14378 | Lair:1   | Got a polished falchion
 14379 | Lair:1   | Identified the +4 falchion of Legor {antimagic, Int+3 Dex+2} (You found it on level 1 of the Lair of Beasts)
 14482 | Lair:1   | Noticed Nergalle
 14577 | Lair:1   | Killed Nergalle
 15560 | Lair:2   | Noticed a seven-headed hydra
 15604 | Lair:2   | Found a frozen archway.
 15772 | IceCv    | Entered an ice cave
 16130 | IceCv    | Identified a scroll of acquirement
 16139 | IceCv    | HP: 4/104 [ice statue/shard of ice (14)]
 16140 | IceCv    | Killed from afar by an ice statue

Skill      XL: |  1  2  3  4  5  6  7  8  9 10 11 |
---------------+----------------------------------+-----
Long Blades    | 3 4 5 6 8 10 13 14 | 14.9
Fighting       | 6 8 10 12 | 12.0
Armour         | 5 |  5.0
Invocations    | 4 |  4.7
Shields        | |  3.2

Action                   |  1- 3 |  4- 6 |  7- 9 | 10-12 || total
-------------------------+-------+-------+-------+-------++-------
Melee: Long sword        |    93 |   204 |   408 |   485 ||  1190
       Falchion          |       |       |       |   231 ||   231
       Scimitar          |       |       |       |    12 ||    12
       Punch             |       |       |       |     3 ||     3
Invok: Heroism           |       |       |     1 |     3 ||     4
  Use: Scroll            |       |       |    13 |     5 ||    18
       Potion            |       |       |       |     7 ||     7
  Eat: Chunk             |     1 |     8 |    13 |    14 ||    36
       Fruit             |       |       |     8 |     6 ||    14
       Pizza             |       |       |     3 |       ||     3
       Meat ration       |       |       |       |     3 ||     3
Armor: Scale mail        |    30 |   128 |    36 |       ||   194
       Chain mail        |       |       |   183 |       ||   183
       Plate armour      |       |       |    20 |   457 ||   477
Dodge: Dodged            |    29 |    92 |   133 |   180 ||   434
Block: Shield            |    38 |   132 |    47 |       ||   217
